[ AOE2 MATCH · #505415467 ]
UnrankedVietnamese vs Huns
Player's team · LOSS
Rival team · WIN
[ REPLAY ANALYSIS · EXTRACTED FROM THE RECORDED GAME ]
Feudal
11:30
Castle
—
Imperial
—
| APM avg | 59.3 |
| APM peak | 116 |
| eAPM avg | 22.7 |
| Villagers / military | 26 / 0 |
Focus
⚔️ 34.9% · 🌾 65.1%
Feudal
10:14
Castle
—
Imperial
—
| APM avg | 52.1 |
| APM peak | 93 |
| eAPM avg | 17.4 |
| Villagers / military | 24 / 5 |
Focus
⚔️ 24.4% · 🌾 75.6%
Scout Cavalry ×3 · Militia ×2
Match map
Initial resources + every placement click. Lines = walls · curves = elevation contours. ◆ gold · ⬟ stone · ● berries · ✦ relic · ◌ wall gap
Your base· ✓ Closed at 12:00 · 27t walls · 1 gate(s)
Cra1G's base· Open — opponent sealed themselves in
Smoothed initial terrain · ◌ = detected wall gap · hover for details
Inputs per minute
— maxymczech - - Cra1G
Build order — maxymczech
47 actions detected in the replay
| 0:00 | Queue | Villager (Male) |
| 0:03 | Build | House |
| 0:05 | Build | House |
| 0:15 | Research | Loom |
| 0:44 | Queue | Villager (Male) ×3 |
| 1:48 | Queue | Villager (Male) |
| 2:16 | Queue | Villager (Male) |
| 2:38 | Queue | Villager (Male) |
| 2:41 | Build | Lumber Camp |
| 2:44 | Build | House |
| 2:45 | Build | House |
| 3:24 | Queue | Villager (Male) |
| 3:24 | Queue | Villager (Male) |
| 3:48 | Queue | Villager (Male) |
| 4:10 | Build | Palisade Wall |
| 4:21 | Build | Palisade Wall |
| 4:33 | Queue | Villager (Male) |
| 4:33 | Queue | Villager (Male) |
| 5:02 | Build | Palisade Gate |
| 5:29 | Queue | Villager (Male) |
| 5:56 | Build | Mill |
| 6:01 | Queue | Villager (Male) |
| 6:01 | Queue | Villager (Male) |
| 6:02 | Queue | Villager (Male) |
| 6:16 | Queue | Villager (Male) |
| 6:16 | Queue | Villager (Male) |
| 6:42 | Queue | Villager (Male) |
| 7:09 | Queue | Villager (Male) |
| 7:45 | Build | Palisade Wall |
| 7:51 | Build | Palisade Wall |
| 7:55 | Queue | Villager (Male) |
| 8:28 | Queue | Villager (Male) |
| 8:43 | Build | House |
| 9:20 | Research | Feudal Age |
| 9:20 | Research | Feudal Age |
| 10:27 | Build | Palisade Wall |
| 10:41 | Build | Palisade Wall |
| 10:52 | Build | Palisade Wall |
| 11:11 | Queue | Villager (Male) |
| 11:11 | Queue | Villager (Male) |
| 11:30 | Age | Feudal Age |
| 11:39 | Build | Barracks |
| 11:42 | Queue | Villager (Male) |
| 12:02 | Build | Palisade Wall |
| 12:04 | Build | Palisade Wall |
| 12:14 | Queue | Villager (Male) |
| 12:42 | Build | Palisade Wall |
Build order — Cra1G
46 actions detected in the replay
| 0:01 | Queue | Villager (Male) |
| 0:01 | Queue | Villager (Male) |
| 0:01 | Queue | Villager (Male) |
| 0:08 | Queue | Villager (Male) |
| 1:21 | Queue | Villager (Male) |
| 1:46 | Queue | Villager (Male) |
| 1:51 | Build | Lumber Camp |
| 2:13 | Queue | Villager (Male) |
| 2:32 | Queue | Villager (Male) |
| 3:09 | Queue | Villager (Male) |
| 3:30 | Queue | Villager (Male) |
| 4:05 | Queue | Villager (Male) |
| 4:19 | Build | Palisade Wall |
| 4:20 | Build | Palisade Wall |
| 4:37 | Research | Loom |
| 4:56 | Build | Palisade Wall |
| 4:57 | Build | Palisade Wall |
| 4:57 | Build | Palisade Wall |
| 5:07 | Queue | Villager (Male) |
| 5:08 | Queue | Villager (Male) |
| 5:24 | Build | Palisade Wall |
| 5:25 | Build | Palisade Wall |
| 5:26 | Queue | Villager (Male) |
| 5:58 | Queue | Villager (Male) |
| 6:09 | Queue | Villager (Male) |
| 7:36 | Queue | Villager (Male) |
| 7:42 | Build | Mill |
| 8:04 | Research | Feudal Age |
| 8:16 | Build | Barracks |
| 8:37 | Queue | Villager (Male) |
| 9:08 | Build | Mining Camp |
| 9:22 | Queue | Militia |
| 9:47 | Queue | Militia |
| 10:00 | Queue | Villager (Male) |
| 10:14 | Age | Feudal Age |
| 10:15 | Build | Stable |
| 10:21 | Build | Palisade Wall |
| 10:58 | Queue | Scout Cavalry |
| 10:59 | Queue | Scout Cavalry |
| 11:00 | Queue | Villager (Male) |
| 11:02 | Build | Farm |
| 11:11 | Queue | Scout Cavalry |
| 11:29 | Queue | Villager (Male) |
| 11:56 | Queue | Villager (Male) |
| 12:26 | Queue | Villager (Male) |
| 12:33 | Queue | Villager (Male) |
Match timeline
| 4:10 | maxymczech · wall_segment Palisade Wall x1 |
| 4:19 | Cra1G · wall_segment Palisade Wall x1 |
| 4:20 | Cra1G · wall_segment Palisade Wall x1 |
| 4:21 | maxymczech · wall_segment Palisade Wall x1 |
| 4:56 | Cra1G · wall_segment Palisade Wall x1 |
| 4:57 | Cra1G · wall_segment Palisade Wall x1 |
| 4:57 | Cra1G · wall_segment Palisade Wall x1 |
| 5:24 | Cra1G · wall_segment Palisade Wall x1 |
| 5:25 | Cra1G · wall_segment Palisade Wall x1 |
| 7:45 | maxymczech · wall_segment Palisade Wall x9 |
| 7:51 | maxymczech · wall_segment Palisade Wall x10 |
| 8:16 | Cra1G · first_building Barracks |
| 10:14 | Cra1G · age_up feudal |
| 10:15 | Cra1G · first_building Stable |
| 10:21 | Cra1G · wall_segment Palisade Wall x1 |
| 10:27 | maxymczech · wall_segment Palisade Wall x1 |
| 10:41 | maxymczech · wall_segment Palisade Wall x1 |
| 10:52 | maxymczech · wall_segment Palisade Wall x4 |
| 11:30 | maxymczech · age_up feudal |
| 11:39 | maxymczech · first_building Barracks |
| 12:02 | maxymczech · wall_segment Palisade Wall x7 |
| 12:04 | maxymczech · wall_segment Palisade Wall x5 |
| 12:42 | maxymczech · wall_segment Palisade Wall x4 |
| 12:57 | maxymczech · resign |
[ AI ANALYSIS · 1 CREDIT ]
What really happened in this match?
Wolo.gg analyzes every decision: build order, eco, micro, common mistakes by bracket. Personalized analysis on WhatsApp or Discord in 30 seconds.
Civ guide
Vietnamese
Perfil
Jugador #5813618